[Event "Titled Tuesday Blitz July 4 Early 2023"]
[White "CarolinaLujan"]
[Black "Romero Ruscalleda, Josep"]
[BlackFideId "2231859"]
[WhiteElo "2277"]
[BlackElo "2411"]
[Result "0-1"]
[Round "7"]
[TimeControl "180+2"]
[Date "2023.07.04"]
[WhiteClock "0:00:29"]
[BlackClock "0:00:14"]
[Board "167"]

1. e4 g6 2. d4 Bg7 3. Nf3 d6 4. Be3 a6 5. a4 Nc6 6. c3 e5 7. d5 Nce7 8. a5 f5 9. exf5 gxf5 10. Ng5 Nf6 11. c4 O-O 12. Nc3 f4 13. Bd2 Nf5 14. Bd3 Nxd5 15. Nxh7 Nxc3 16. Qh5 Qh4 17. Qxh4 Nxh4 18. Nxf8 e4 19. Bf1 e3 20. fxe3 Ne4 21. exf4 Nxd2 22. Kxd2 Kxf8 23. g3 Nf3+ 24. Ke3 Nd4 25. Bd3 Bg4 26. h3 Bf3 27. Rhe1 Bg2 28. h4 Nb3 29. Rab1 Bd4+ 30. Ke2 Nxa5 31. b4 Nc6 32. Kd2 Bh3 33. Be4 Bf2 34. Re2 Bxg3 35. f5 Bf4+ 36. Kc3 Bg4 37. Rg2 Be5+ 38. Kd3 Bh5 39. Rbg1 Nxb4+ 40. Kd2 Kf7 41. Kc1 Rb8 42. Kb1 a5 43. f6 Bxf6 44. Rf1 Re8 45. Bh7 Re2 46. Bg6+ Kg7 47. Rxe2 Bxe2 48. Rg1 Kh6 49. Be4 Bd3+ 50. Bxd3 Nxd3 51. Kc2 Ne5 52. Kb3 Nf3 53. Rf1 Nd4+ 54. Ka4 Bxh4 55. Rh1 Nf5 56. Kxa5 Kg5 57. Kb5 Bg3 58. Ra1 Nd4+ 59. Kb4 Kf6 60. Kc3 Ne6 61. Rf1+ Ke7 62. Rg1 Be5+ 63. Kc2 b6 64. Rh1 Nc5 65. Rh7+ Kd8 66. Rh8+ Kd7 67. Rh7+ Kc6 68. Rh5 Ne6 69. Rh6 Nd4+ 70. Kd3 Kc5 71. Rh7 c6 72. Rh5 b5 73. cxb5 Kxb5 74. Kc3 Kc5 75. Kd2 Kd5 76. Rg5 Nf3+ 77. Ke3 Nxg5 78. Kf2 c5 79. Kg2 c4 80. Kf2 c3 81. Ke2 Kc4 82. Kd1 Kd3 83. Kc1 Bf4+ 84. Kb1 c2+ 85. Ka2 c1=Q 86. Kb3 Qc3+ 87. Ka4 Qb2 88. Ka5 Kc4 89. Ka6 Kc5 90. Ka7 Kc6 91. Ka8 Qb7# 0-1


[Site "https://www.chess.com"]

[Event "Titled Tuesday Blitz July 4 Early 2023"]
[White "Mazurkiewicz, Michal"]
[Black "Kohler, Aran"]
[WhiteFideId "1124943"]
[BlackFideId "1002856"]
[WhiteElo "2410"]
[BlackElo "2272"]
[Result "1-0"]
[Round "7"]
[TimeControl "180+2"]
[Date "2023.07.04"]
[WhiteClock "0:00:05"]
[BlackClock "0:00:10"]
[Board "168"]

1. e4 c6 2. d3 d5 3. Nd2 Nf6 4. Ngf3 Bg4 5. h3 Bxf3 6. Qxf3 e6 7. g4 Be7 8. Bg2 O-O 9. e5 Nfd7 10. Qe2 c5 11. O-O Nc6 12. f4 Nd4 13. Qd1 f6 14. c3 Nc6 15. exf6 gxf6 16. Nf3 Bd6 17. Qb3 Qc7 18. a4 Na5 19. Qa2 c4 20. Nd4 Rae8 21. f5 Nb3 22. Nxb3 cxb3 23. Qxb3 Nc5 24. Qc2 exf5 25. Bh6 Kh8 26. Bxf8 Rxf8 27. Rxf5 Bh2+ 28. Kh1 Bg3 29. d4 Ne6 30. Raf1 Nxd4 31. Qd3 Nxf5 32. Rxf5 Be5 33. Bxd5 b6 34. Rf2 Rd8 35. c4 Qc5 36. Qf3 Qb4 37. b3 Qe1+ 38. Kg2 Qa1 39. Re2 Qd4 40. h4 Rf8 41. Kh3 Qa1 42. Kg2 Qd4 43. Be4 Qd7 44. Bf5 Qc7 45. Be4 Qd6 46. Qf5 Qc7 47. Rd2 Rf7 48. Rd5 Kg7 49. h5 Kf8 50. Rd3 Ke7 51. Qf3 Rg7 52. Bf5 Kf8 53. Qa8+ Qb8 54. Qxb8+ Bxb8 55. Rd8+ Ke7 56. Rxb8 Kd6 57. Rd8+ Kc5 58. Rd7 Kb4 59. Rxg7 Kxb3 60. Rxh7 1-0


[Site "https://www.chess.com"]

[Event "Titled Tuesday Blitz July 4 Early 2023"]
[White "tomobeast"]
[Black "Bazilius, Augustinas"]
[BlackFideId "12832251"]
[WhiteElo "2249"]
[BlackElo "2406"]
[Result "1-0"]
[Round "7"]
[TimeControl "180+2"]
[Date "2023.07.04"]
[WhiteClock "0:00:40"]
[BlackClock "0:00:04"]
[Board "169"]

1. e4 e6 2. d4 d5 3. Nc3 Nf6 4. Bg5 Bb4 5. e5 h6 6. Bd2 Bxc3 7. bxc3 Ne4 8. Bc1 Nxc3 9. Qg4 g6 10. Bd3 Ne4 11. f3 Ng5 12. h4 Nh7 13. Bxh6 c5 14. Ne2 c4 15. Bxg6 fxg6 16. Qxg6+ Kd7 17. Bg7 Qg8 18. Nf4 Nc6 19. Bxh8 Qxh8 20. Qxe6+ Kc7 21. Nxd5+ Kd8 22. Qd6+ Bd7 23. e6 Qe8 24. Qc7# 1-0


[Site "https://www.chess.com"]

[Event "Titled Tuesday Blitz July 4 Early 2023"]
[White "Xavier_mompel"]
[Black "Carrasco Miranda, Andres"]
[BlackFideId "3405990"]
[WhiteElo "2247"]
[BlackElo "2404"]
[Result "0-1"]
[Round "7"]
[TimeControl "180+2"]
[Date "2023.07.04"]
[WhiteClock "0:00:13"]
[BlackClock "0:02:02"]
[Board "170"]

1. e4 e5 2. Nf3 Nc6 3. Bb5 Nf6 4. O-O Nxe4 5. d4 Nd6 6. Bxc6 dxc6 7. dxe5 Nf5 8. Qxd8+ Kxd8 9. Bg5+ Ke8 10. Nc3 h6 11. Bf4 Be6 12. Rad1 Rd8 13. Rxd8+ Kxd8 14. Rd1+ Kc8 15. a3 b6 16. b3 a5 17. a4 Bb4 18. Ne4 g5 19. Bg3 Nxg3 20. hxg3 Bf5 21. Nf6 Bxc2 22. Rc1 Bxb3 23. Rxc6 Bxa4 24. Rc1 Rd8 25. Ng4 Rd1+ 26. Rxd1 Bxd1 27. Nxh6 Bxf3 28. gxf3 a4 29. Nf5 Bc5 0-1


[Site "https://www.chess.com"]

[Event "Titled Tuesday Blitz July 4 Early 2023"]
[White "Rios Escobar, Adan"]
[Black "Warchol, Kamil"]
[WhiteFideId "3403645"]
[BlackFideId "21858241"]
[WhiteElo "2403"]
[BlackElo "2244"]
[Result "1-0"]
[Round "7"]
[TimeControl "180+2"]
[Date "2023.07.04"]
[WhiteClock "0:00:04"]
[BlackClock "0:00:01"]
[Board "171"]

1. d4 Nf6 2. g3 c5 3. d5 b5 4. a4 b4 5. c4 d6 6. b3 g6 7. Bb2 Bg7 8. Bg2 O-O 9. Nd2 Nbd7 10. Nh3 Ne5 11. O-O Rb8 12. Qc2 Qc7 13. Rae1 Bd7 14. Nf4 Rbe8 15. e4 Bc8 16. Ba1 e6 17. dxe6 fxe6 18. Bxe5 dxe5 19. Nd3 Nd7 20. Nf3 Nb8 21. h4 Nc6 22. Nxc5 Rxf3 23. Bxf3 Nd4 24. Qd3 Qxc5 25. Bg4 Qc7 26. f4 Rd8 27. Rf2 Bh6 28. h5 exf4 29. hxg6 fxg3 30. Rf7 Qc5 31. Kg2 hxg6 32. Ref1 Nc6 33. Qf3 Ne5 34. Qf6 Nxf7 35. Qxf7+ Kh8 36. Qf6+ Kh7 37. Qxd8 Qe3 38. Rf7+ Bg7 39. Qf6 Qd2+ 40. Kxg3 Qe3+ 41. Bf3 Qe1+ 42. Kg2 Qd2+ 43. Kh3 Qh6+ 44. Qh4 e5+ 45. Kg3 Qxh4+ 46. Kxh4 Kg8 47. Rxa7 Bf6+ 48. Kg3 Be6 49. Bg4 Bf7 50. a5 Bg5 51. a6 Bf4+ 52. Kf3 g5 53. Rxf7 Kxf7 54. a7 Kf6 55. a8=Q 1-0


[Site "https://www.chess.com"]

[Event "Titled Tuesday Blitz July 4 Early 2023"]
[White "Mishra, Manoj"]
[Black "GAO"]
[WhiteFideId "5006007"]
[WhiteElo "2218"]
[BlackElo "2400"]
[Result "0-1"]
[Round "7"]
[TimeControl "180+2"]
[Date "2023.07.04"]
[WhiteClock "0:00:06"]
[BlackClock "0:00:43"]
[Board "172"]

1. b3 Nf6 2. Nf3 g6 3. Bb2 Bg7 4. c4 O-O 5. d4 d6 6. g3 Nbd7 7. Bg2 e5 8. dxe5 Ng4 9. O-O Ngxe5 10. Nxe5 Nxe5 11. Nc3 Be6 12. h3 Qd7 13. f4 Nc6 14. g4 h5 15. gxh5 Bxh3 16. e4 Bg4 17. h6 Bxd1 18. hxg7 Kxg7 19. Nd5+ f6 20. Raxd1 Ne7 21. e5 Nxd5 22. Rxd5 fxe5 23. fxe5 Rxf1+ 24. Bxf1 Qg4+ 25. Bg2 dxe5 26. Bxe5+ Kf7 27. Bxc7 Re8 28. Be5 Qf5 29. Bg3 Qb1+ 30. Kh2 Rh8+ 0-1


[Site "https://www.chess.com"]

[Event "Titled Tuesday Blitz July 4 Early 2023"]
[White "VoicelessFeather"]
[Black "Buscar, Michael"]
[BlackFideId "2603616"]
[WhiteElo "2217"]
[BlackElo "2389"]
[Result "1-0"]
[Round "7"]
[TimeControl "180+2"]
[Date "2023.07.04"]
[WhiteClock "0:00:13"]
[BlackClock "0:00:10"]
[Board "173"]

1. e4 c5 2. Nf3 Nc6 3. Bb5 Nf6 4. e5 Nd5 5. O-O g6 6. c3 Bg7 7. d4 cxd4 8. cxd4 O-O 9. Nc3 Nc7 10. Bc4 d5 11. Bb3 Bg4 12. Be3 Na5 13. Bc2 Nc4 14. h3 Nxb2 15. Qb1 Bxf3 16. Qxb2 Be4 17. Nxe4 dxe4 18. Bxe4 Rb8 19. Rac1 Nd5 20. Bd2 Qd7 21. Qb3 Rfd8 22. Rfd1 b6 23. Bg5 Bf8 24. Bh4 Rb7 25. Qf3 Bh6 26. Bxd5 Qxd5 27. Rc8 Rd7 28. Qxd5 Rxd5 29. Rxd8+ Rxd8 30. Bxe7 Rd7 31. Bf6 Bg7 32. Bxg7 Kxg7 33. d5 Kf8 34. f4 Rc7 35. g4 Rc4 36. f5 gxf5 37. gxf5 Rf4 38. d6 Ke8 39. d7+ Kd8 40. e6 fxe6 41. fxe6 Re4 42. Rd6 b5 43. Kf2 a5 44. Kf3 Re1 45. Kf4 b4 46. Ra6 a4 47. Ra8+ 1-0


[Site "https://www.chess.com"]

[Event "Titled Tuesday Blitz July 4 Early 2023"]
[White "Schachpanda_Youtube"]
[Black "Tinmaz, Kerem"]
[BlackFideId "44559151"]
[WhiteElo "2201"]
[BlackElo "2386"]
[Result "0-1"]
[Round "7"]
[TimeControl "180+2"]
[Date "2023.07.04"]
[WhiteClock "0:00:00"]
[BlackClock "0:00:02"]
[Board "174"]

1. e4 c5 2. d4 cxd4 3. c3 dxc3 4. Nxc3 e6 5. Nf3 a6 6. Bc4 b5 7. Bb3 Bb7 8. O-O Nc6 9. Re1 Nge7 10. Bg5 h6 11. Be3 Ng6 12. Nd5 Bd6 13. Nb6 Qc7 14. Nxa8 Bxa8 15. Qd2 Bb4 16. Qe2 Bxe1 17. Rxe1 O-O 18. Qd2 Qa5 19. Rd1 Qxd2 20. Rxd2 Na5 21. Bc2 Rc8 22. h3 Nc4 23. Rxd7 Nxb2 24. Nd4 e5 25. Nf5 Rxc2 26. Rd8+ Kh7 27. Rxa8 Nc4 28. Rxa6 Nxe3 29. Nxe3 Rb2 30. Ra7 Nf4 31. Rxf7 Rxa2 32. Nf5 Ne6 33. Re7 Ra6 34. Rb7 Ra5 35. Re7 Ra6 36. g3 Rb6 37. f4 b4 38. Ne3 b3 39. f5 b2 0-1


[Site "https://www.chess.com"]

[Event "Titled Tuesday Blitz July 4 Early 2023"]
[White "Nan M K Khine Hlyan"]
[Black "Gaal, Zsoka"]
[WhiteFideId "13002899"]
[BlackFideId "777765"]
[WhiteElo "1766"]
[BlackElo "2367"]
[Result "0-1"]
[Round "7"]
[TimeControl "180+2"]
[Date "2023.07.04"]
[WhiteClock "0:00:04"]
[BlackClock "0:00:15"]
[Board "175"]

1. e4 Nf6 2. e5 Nd5 3. d4 d6 4. c4 Nb6 5. Nc3 g6 6. exd6 cxd6 7. Nf3 Bg7 8. Bd3 O-O 9. O-O Bg4 10. c5 N6d7 11. cxd6 exd6 12. Be2 Nc6 13. d5 Bxf3 14. Bxf3 Nce5 15. Ne4 Nxf3+ 16. Qxf3 Ne5 17. Qb3 f5 18. Ng5 Qb6 19. Ne6 Qxb3 20. axb3 Rfc8 21. Be3 a6 22. Bd4 Bh6 23. Rab1 Rc2 24. Bc3 Rc8 25. Nd4 R2xc3 26. bxc3 Rxc3 27. Ne6 Nd3 28. Rbd1 Rxb3 29. Nd4 Rc3 30. Ne2 Ra3 31. f4 Bg7 32. Rb1 b5 33. Ra1 Bxa1 34. Nd4 Bxd4+ 35. Rf2 b4 36. Kf1 Bxf2 37. Ke2 b3 38. Kf3 b2 39. g4 b1=Q 40. h4 Qd1+ 41. Kg2 Ne1+ 42. Kh2 Qf3 43. gxf5 Qg3+ 44. Kh1 Qg1# 0-1


[Site "https://www.chess.com"]

[Event "Titled Tuesday Blitz July 4 Early 2023"]
[White "Tagliata"]
[Black "Csonka, Balazs"]
[BlackFideId "742910"]
[WhiteElo "2174"]
[BlackElo "2727"]
[Result "0-1"]
[Round "7"]
[TimeControl "180+2"]
[Date "2023.07.04"]
[WhiteClock "0:00:17"]
[BlackClock "0:00:06"]
[Board "176"]

1. e4 c5 2. Nf3 e6 3. d4 cxd4 4. Nxd4 a6 5. Bd3 Nf6 6. O-O e5 7. Nf5 d5 8. Ng3 d4 9. f4 Nc6 10. Na3 b5 11. Qf3 Bd6 12. f5 Ne7 13. Bg5 Neg8 14. Nh5 Kf8 15. Nb1 Be7 16. Nxf6 Bxf6 17. Bd2 Bb7 18. a4 bxa4 19. Rxa4 Ne7 20. g4 h6 21. Qg3 Nc6 22. Na3 Bg5 23. Bxg5 hxg5 24. Nc4 f6 25. Rfa1 Rh4 26. Nd2 Qb6 27. b3 a5 28. Nf3 Rh6 29. h4 gxh4 30. Nxh4 Ba6 31. Ng6+ Kf7 32. Bxa6 Qxa6 33. Rc4 Qb6 34. Kg2 Rh7 35. Qd3 Ne7 36. Nxe7 Kxe7 37. Rca4 Rah8 38. Rg1 Rh2+ 39. Kf1 R8h3 40. Qc4 d3 41. Qe6+ Qxe6 42. fxe6 dxc2 43. Rc4 Rxb3 44. Rg2 Rb1+ 45. Kf2 Rxg2+ 46. Kxg2 c1=Q 47. Rxc1 Rxc1 48. Kf3 Kxe6 49. g5 a4 50. gxf6 gxf6 51. Kg4 a3 0-1


[Site "https://www.chess.com"]

[Event "Titled Tuesday Blitz July 4 Early 2023"]
[White "Martin, Lewis"]
[Black "Gogolev, Artem"]
[WhiteFideId "410551"]
[BlackFideId "4116615"]
[WhiteElo "2260"]
[BlackElo "2479"]
[Result "1-0"]
[Round "7"]
[TimeControl "180+2"]
[Date "2023.07.04"]
[WhiteClock "0:01:34"]
[BlackClock "0:00:14"]
[Board "177"]

1. e4 c6 2. d4 d5 3. Nc3 dxe4 4. Nxe4 Bf5 5. Ng3 Bg6 6. Nf3 Nd7 7. h4 h6 8. h5 Bh7 9. Bd3 Bxd3 10. Qxd3 Ngf6 11. Bd2 e6 12. O-O-O Be7 13. Ne4 Nxe4 14. Qxe4 Nf6 15. Qe2 Qd5 16. c4 Qe4 17. Rde1 Qxe2 18. Rxe2 b5 19. c5 O-O 20. g4 Nxg4 21. Rg1 Nf6 22. Bxh6 Nxh5 23. Ne5 Rac8 24. f3 Kh7 25. Be3 g6 26. Rh2 Bf6 27. Nd7 Kg7 28. Rxh5 Rfd8 29. Nxf6 Kxf6 30. Bg5+ 1-0


[Site "https://www.chess.com"]

[Event "Titled Tuesday Blitz July 4 Early 2023"]
[White "Putri, Regita Desyari"]
[Black "Ncatt"]
[WhiteFideId "7109083"]
[WhiteElo "2243"]
[BlackElo "2402"]
[Result "0-1"]
[Round "7"]
[TimeControl "180+2"]
[Date "2023.07.04"]
[WhiteClock "0:00:00"]
[BlackClock "0:01:52"]
[Board "178"]

1. d4 Nf6 2. c4 c5 3. Nf3 b5 4. cxb5 a5 5. Nc3 e6 6. e4 d5 7. exd5 Nxd5 8. dxc5 Bxc5 9. Nxd5 exd5 10. Bd3 O-O 11. O-O Nd7 12. h3 Bb7 13. a3 Qf6 14. Rb1 Rac8 15. b4 axb4 16. axb4 Bb6 17. Bb2 Qd6 18. Bd4 Rfe8 19. Bf5 Re7 20. Qd3 g6 21. Bxd7 Rxd7 22. Ne5 Re7 23. Ng4 Re6 24. Nh6+ Kf8 25. Ba1 Rc4 26. Rbc1 Qf4 27. Rxc4 dxc4 28. Qc3 Qxh6 29. Qh8+ Ke7 30. Qb8 Bd5 31. Rd1 Qg5 32. Rxd5 Qxd5 0-1


[Site "https://www.chess.com"]

[Event "Titled Tuesday Blitz July 4 Early 2023"]
[White "Saito, Vinicius"]
[Black "Ivanova, Karina"]
[WhiteFideId "2113384"]
[BlackFideId "24139750"]
[WhiteElo "2385"]
[BlackElo "2206"]
[Result "1-0"]
[Round "7"]
[TimeControl "180+2"]
[Date "2023.07.04"]
[WhiteClock "0:00:23"]
[BlackClock "0:00:00"]
[Board "179"]

1. e4 c6 2. d4 d5 3. e5 c5 4. dxc5 e6 5. Qg4 Qc7 6. Nf3 Qxc5 7. Bd3 Ne7 8. O-O Ng6 9. a3 Qc7 10. Re1 Nc6 11. Qh5 Bd7 12. b4 O-O-O 13. Bb2 Be8 14. Nbd2 Nf4 15. Qg4 Nxd3 16. cxd3 Kb8 17. Rac1 Qb6 18. Nb3 h5 19. Qf4 g6 20. Rc2 Ne7 21. Nc5 Nf5 22. Nd4 Bh6 23. Qf3 Bc6 24. Qe2 a5 25. Bc3 a4 26. Rb1 Bb5 27. Nxf5 gxf5 28. Bd4 Ka8 29. f3 Rc8 30. Qf2 Qd8 31. Kh1 Qe7 32. Be3 Bxe3 33. Qxe3 b6 34. d4 bxc5 35. bxc5 Bc4 36. Rcb2 Rb8 37. Rb4 Rxb4 38. Rxb4 Rb8 39. Rxa4+ Kb7 40. h4 Qxh4+ 41. Kg1 Qe7 42. Qc3 Kc8 43. Rb4 Qa7 44. Qb2 Rxb4 45. Qxb4 Qb7 46. Kh2 Qxb4 47. axb4 f4 48. Kh3 Bd3 49. g3 fxg3 50. Kxg3 Kb7 51. Kh4 Kc6 52. Kxh5 Ba6 53. Kg5 Kb5 54. Kf6 Kxb4 55. Kxf7 Kc4 56. Kxe6 Kxd4 57. Kd6 Bb5 58. e6 Kc4 59. c6 Bxc6 60. Kxc6 d4 61. e7 d3 62. e8=Q d2 63. Qe2+ Kc3 64. Qd1 1-0


[Site "https://www.chess.com"]

[Event "Titled Tuesday Blitz July 4 Early 2023"]
[White "Petrova, Irina"]
[Black "Torres Dominguez, David"]
[WhiteFideId "14124122"]
[BlackFideId "2220857"]
[WhiteElo "2353"]
[BlackElo "2163"]
[Result "1-0"]
[Round "7"]
[TimeControl "180+2"]
[Date "2023.07.04"]
[WhiteClock "0:01:34"]
[BlackClock "0:00:16"]
[Board "180"]

1. e4 Nc6 2. Nf3 e5 3. Bc4 Bc5 4. d4 Bxd4 5. Nxd4 Nxd4 6. O-O Nf6 7. f4 d6 8. fxe5 dxe5 9. Bg5 Qe7 10. Nc3 c6 11. Bxf6 gxf6 12. Qh5 Ne6 13. Kh1 Nf4 14. Qh6 Be6 15. Bxe6 fxe6 16. g3 Ng6 17. Rad1 Rd8 18. Rxd8+ Kxd8 19. Qd2+ Kc7 20. Qf2 Rf8 21. Qxa7 h5 22. Na4 Qb4 23. Nc3 Qxb2 24. Qc5 b6 25. Qc4 h4 26. Rb1 Qa3 27. Nb5+ 1-0


[Site "https://www.chess.com"]

[Event "Titled Tuesday Blitz July 4 Early 2023"]
[White "Mikhaylova, Irina"]
[Black "campochess"]
[WhiteFideId "4109040"]
[WhiteElo "2324"]
[BlackElo "2141"]
[Result "1-0"]
[Round "7"]
[TimeControl "180+2"]
[Date "2023.07.04"]
[WhiteClock "0:00:54"]
[BlackClock "0:00:07"]
[Board "181"]

1. Nf3 c5 2. c4 Nc6 3. Nc3 g6 4. d4 cxd4 5. Nxd4 Bg7 6. e3 Nf6 7. Be2 O-O 8. O-O b6 9. b3 Bb7 10. Bb2 Nxd4 11. Qxd4 Ne4 12. Qd3 Nc5 13. Qd2 d6 14. b4 Ne6 15. Nd5 Bxb2 16. Qxb2 Bxd5 17. cxd5 Ng7 18. Rac1 Qd7 19. Rc6 Rfc8 20. Rfc1 e6 21. Qc3 Rxc6 22. dxc6 Qc7 23. b5 Rc8 24. e4 d5 25. exd5 exd5 26. Rd1 Ne6 27. Rxd5 Nf4 28. Rd2 Re8 29. Bf1 Re1 30. g3 Nh3+ 31. Kg2 Ng5 32. Rd7 Qc8 33. Qd2 Re5 34. Rd8+ 1-0


[Site "https://www.chess.com"]

[Event "Titled Tuesday Blitz July 4 Early 2023"]
[White "Wang, Alexander J"]
[Black "Gyulamiryan-koryun"]
[WhiteFideId "30955270"]
[WhiteElo "2301"]
[BlackElo "1686"]
[Result "1/2-1/2"]
[Round "7"]
[TimeControl "180+2"]
[Date "2023.07.04"]
[WhiteClock "0:00:10"]
[BlackClock "0:00:08"]
[Board "182"]

1. e4 e5 2. Nf3 Nc6 3. Bb5 a6 4. Ba4 Nf6 5. d4 exd4 6. O-O b5 7. Bb3 Bc5 8. e5 Ng8 9. c3 dxc3 10. Nxc3 Nge7 11. Ne4 d6 12. Neg5 d5 13. Qc2 Bb6 14. a4 Bf5 15. Qd1 h6 16. Nh3 Bxh3 17. gxh3 O-O 18. axb5 axb5 19. Rxa8 Qxa8 20. Bxd5 Nxd5 21. Qxd5 Rd8 22. Qe4 Nd4 23. Qxa8 Rxa8 24. Nxd4 Bxd4 25. Re1 Ra2 26. Re2 c5 27. Kg2 Ra1 28. Be3 Bxe5 29. Bxc5 f6 30. b4 Rb1 31. Re4 Kf7 32. Re2 Bc3 33. Re4 Rb2 34. Bd6 f5 35. Re7+ Kg6 36. Rb7 Be1 37. Bc5 Bxb4 38. Rxb5 Bc3 39. Rxb2 Bxb2 40. Be3 Kf6 41. Kf3 g5 42. Bb6 Be5 43. Kg2 h5 44. f3 Kg6 45. Bd8 Bf4 46. Ba5 Kf7 47. Be1 Ke6 48. Bg3 Ke5 49. Be1 h4 50. Ba5 Kd4 51. Bd8 Kd3 52. Be7 Ke2 53. Bd8 Be3 54. Bf6 Bf4 55. Bd4 Kd3 56. Bf2 Ke2 57. Ba7 Bxh2 58. Kxh2 Kxf3 59. Bc5 g4 60. hxg4 fxg4 61. Bd6 Kf2 62. Be7 g3+ 63. Kh3 g2 64. Bc5+ Kf1 65. Kxh4 g1=Q 66. Bxg1 1/2-1/2


[Site "https://www.chess.com"]

[Event "Titled Tuesday Blitz July 4 Early 2023"]
[White "Weishaeutel, Moritz"]
[Black "Jaivardhan Raj"]
[WhiteFideId "12967300"]
[BlackFideId "25744437"]
[WhiteElo "2571"]
[BlackElo "2092"]
[Result "1-0"]
[Round "7"]
[TimeControl "180+2"]
[Date "2023.07.04"]
[WhiteClock "0:01:42"]
[BlackClock "0:00:28"]
[Board "183"]

1. e4 c5 2. d4 cxd4 3. c3 d5 4. exd5 Nf6 5. Bb5+ Bd7 6. Bc4 Bg4 7. Qxd4 Nbd7 8. Bg5 h6 9. Bxf6 Nxf6 10. Qxg4 Nxg4 11. Bb5+ Qd7 12. Bxd7+ Kxd7 13. Nf3 Nf6 14. Ne5+ Ke8 15. c4 b5 16. Nc3 bxc4 17. Nxc4 Rc8 18. Ne3 e6 19. dxe6 fxe6 20. Ke2 Bb4 21. Rac1 Kf7 22. Nb5 Rcd8 23. Rc7+ Kg6 24. a3 Rd2+ 25. Kf3 Ne8 26. axb4 Rf8+ 27. Kg3 Nxc7 28. Nxc7 Rxb2 29. Nxe6 Rfxf2 30. Nf4+ Kh7 31. Nd3 Rfe2 32. Nxb2 Rxe3+ 33. Kf2 Rb3 34. Nc4 Rxb4 35. Ne3 a5 36. Ra1 a4 37. Nd5 Rd4 38. Nc3 Rd2+ 39. Kf1 Rd7 40. Rxa4 Rf7+ 41. Ke1 Re7+ 42. Re4 Rc7 43. Ne2 Ra7 44. Kf2 Rf7+ 45. Rf4 Rb7 46. Kf3 Rb3+ 47. Kf2 Rb7 48. h4 Rb2 49. Rf3 Rd2 50. Re3 Rd7 51. g4 Rf7+ 52. Rf3 Rd7 53. Nf4 Rd2+ 54. Kg3 Ra2 55. g5 hxg5 56. hxg5 Ra5 57. Kg4 Ra1 58. g6+ Kg8 59. Rd3 Ra8 60. Ne6 Ra4+ 61. Rd4 Rxd4+ 62. Nxd4 Kf8 63. Kf5 Ke7 64. Ne6 Ke8 65. Nxg7+ Kf8 66. Nh5 Kg8 67. Kf6 Kh8 68. g7+ Kg8 69. Ke7 Kh7 70. Kf7 Kh6 71. g8=Q 1-0


[Site "https://www.chess.com"]

[Event "Titled Tuesday Blitz July 4 Early 2023"]
[White "Hartikainen, Jarmo"]
[Black "Slavin, Alexey"]
[WhiteFideId "503134"]
[BlackFideId "24104388"]
[WhiteElo "2151"]
[BlackElo "2362"]
[Result "0-1"]
[Round "7"]
[TimeControl "180+2"]
[Date "2023.07.04"]
[WhiteClock "0:00:01"]
[BlackClock "0:00:23"]
[Board "184"]

1. e4 Nc6 2. Nf3 d6 3. d4 Nf6 4. Nc3 Bg4 5. Bb5 a6 6. Bxc6+ bxc6 7. Bg5 h6 8. Bxf6 exf6 9. h3 Bd7 10. e5 d5 11. Qe2 f5 12. Nd1 Be6 13. c3 Be7 14. O-O O-O 15. b4 a5 16. b5 cxb5 17. Qxb5 g5 18. Rb1 g4 19. hxg4 fxg4 20. Nd2 a4 21. Qd3 Bg5 22. Ne3 Bf4 23. g3 Bg5 24. f4 gxf3 25. Nxf3 Kh8 26. Kf2 Qe7 27. Rh1 Rg8 28. Nf5 Bxf5 29. Qxf5 Ra6 30. Nxg5 Qxg5 31. Qxg5 Rxg5 32. Rb7 Rc6 33. Rc1 Rc4 34. Rb4 Rf5+ 35. Ke3 Rc6 36. Rxa4 Rg5 37. Kf3 Rcg6 38. Rg1 h5 39. Ra7 Rc6 40. Ra3 Kg7 41. Rg2 Kg6 42. Ra5 Rf5+ 43. Ke2 Rxc3 44. Rxd5 Rc2+ 45. Kd3 Rxg2 46. a4 Rxg3+ 47. Ke4 Kg5 48. Rc5 Ra3 49. a5 Rf4+ 50. Kd5 Ra4 51. Rxc7 Rfxd4+ 52. Kc5 Rdc4+ 53. Kb6 Rxc7 54. Kxc7 Rxa5 55. Kd6 Kf5 0-1


[Site "https://www.chess.com"]

[Event "Titled Tuesday Blitz July 4 Early 2023"]
[White "Seletsky, Grigory"]
[Black "Lisjak, Zlatko"]
[WhiteFideId "14112191"]
[BlackFideId "14502186"]
[WhiteElo "2349"]
[BlackElo "2121"]
[Result "1-0"]
[Round "7"]
[TimeControl "180+2"]
[Date "2023.07.04"]
[WhiteClock "0:01:17"]
[BlackClock "0:00:00"]
[Board "185"]

1. e4 c5 2. Nf3 e6 3. c4 Nc6 4. Nc3 d6 5. d4 cxd4 6. Nxd4 Nf6 7. Be3 a6 8. Be2 Be7 9. O-O O-O 10. f3 Re8 11. Qd2 Bf8 12. Rfd1 Bd7 13. Bf1 Rc8 14. Rac1 Ne5 15. b3 Qc7 16. h3 Qb8 17. f4 Ng6 18. Nf3 Bc6 19. Bd3 b5 20. cxb5 axb5 21. Nd4 Ba8 22. Ndxb5 Nxe4 23. Nxe4 Bxe4 24. Bxe4 Qxb5 25. Rxc8 Rxc8 26. Rc1 Rxc1+ 27. Qxc1 Qb4 28. Bd3 d5 29. Qd2 Bc5 30. Qxb4 Bxb4 31. g3 Kf8 32. a4 Ke7 33. Kg2 Kd6 34. Kf3 f6 35. h4 e5 36. fxe5+ fxe5 37. Bb6 e4+ 38. Bxe4 dxe4+ 39. Kxe4 Be1 40. a5 Bxg3 41. a6 Kc6 42. Bd4 Nxh4 43. b4 1-0


[Site "https://www.chess.com"]

[Event "Titled Tuesday Blitz July 4 Early 2023"]
[White "Koridze, Lile"]
[Black "BebeBonito2022"]
[WhiteFideId "13612514"]
[WhiteElo "2344"]
[BlackElo "2145"]
[Result "1-0"]
[Round "7"]
[TimeControl "180+2"]
[Date "2023.07.04"]
[WhiteClock "0:00:04"]
[BlackClock "0:00:00"]
[Board "186"]

1. d4 Nf6 2. c4 e6 3. Nf3 d5 4. g3 Bb4+ 5. Bd2 Be7 6. Bg2 O-O 7. O-O Nbd7 8. Qc2 c6 9. b3 b6 10. Nc3 Ba6 11. cxd5 cxd5 12. Rfe1 Rc8 13. Qb2 h6 14. Rac1 Bd6 15. Bf4 Bxf4 16. gxf4 Qe7 17. Ne5 Nh5 18. e3 Nhf6 19. b4 Bc4 20. Nxc4 Rxc4 21. a3 a6 22. Bf1 b5 23. Bxc4 bxc4 24. e4 dxe4 25. Nxe4 Nd5 26. Qd2 Qh4 27. Rxc4 Nxf4 28. f3 Nh3+ 29. Kh1 f5 30. Ng3 e5 31. Rc7 f4 32. Ne4 Nf6 33. Rg1 g5 34. Nxf6+ Rxf6 35. dxe5 Nf2+ 36. Kg2 Qh3+ 37. Kxf2 Qxh2+ 38. Rg2 Qh4+ 39. Ke2 Rf8 40. Qd5+ Kh8 41. Qd7 1-0


[Site "https://www.chess.com"]

[Event "Titled Tuesday Blitz July 4 Early 2023"]
[White "Singgih, Diajeng Theresa"]
[Black "Mendez, Ruddy Antonio"]
[WhiteFideId "7104391"]
[BlackFideId "6403387"]
[WhiteElo "2098"]
[BlackElo "2271"]
[Result "0-1"]
[Round "7"]
[TimeControl "180+2"]
[Date "2023.07.04"]
[WhiteClock "0:00:00"]
[BlackClock "0:01:33"]
[Board "187"]

1. e4 d6 2. d4 e5 3. dxe5 dxe5 4. Qe2 Nc6 5. Be3 Nd4 6. Bxd4 Qxd4 7. Nc3 Bb4 8. Qf3 Nf6 9. Bb5+ c6 10. Ne2 Qxe4 11. Qxe4 Nxe4 12. Bd3 Nxc3 13. Nxc3 Bxc3+ 14. bxc3 Be6 15. O-O O-O-O 16. Rfe1 Rd5 17. Bc4 Rc5 18. Bxe6+ fxe6 19. Re3 Rd8 20. Rc1 Rd2 21. Rd3 Rxd3 22. cxd3 Kd7 23. f3 Kd6 24. Kf2 Ra5 25. Rc2 c5 26. Ke3 Ra4 27. c4 a6 28. Ke4 b5 29. h3 b4 30. Rb2 Ra3 31. Ke3 Rc3 32. Ke4 a5 33. Re2 a4 34. Rb2 a3 35. Re2 Rc1 36. Ke3 Rb1 37. Rc2 Ke7 38. Ke2 Kf6 39. Kd2 Kf5 40. g3 h5 41. Ke3 h4 42. g4+ Kg5 43. Rf2 Rb2 44. f4+ exf4+ 45. Rxf4 Rxa2 46. Re4 Kf6 47. Rf4+ Ke7 48. Ke4 Rh2 49. d4 a2 50. dxc5 a1=Q 0-1


[Site "https://www.chess.com"]

[Event "Titled Tuesday Blitz July 4 Early 2023"]
[White "agvania123"]
[Black "Cramling Bellon, Anna"]
[BlackFideId "32009232"]
[WhiteElo "2265"]
[BlackElo "2078"]
[Result "1-0"]
[Round "7"]
[TimeControl "180+2"]
[Date "2023.07.04"]
[WhiteClock "0:00:21"]
[BlackClock "0:00:06"]
[Board "188"]

1. d4 Nf6 2. Bf4 d5 3. e3 c5 4. Nf3 Nc6 5. Nbd2 cxd4 6. exd4 Bf5 7. c3 e6 8. Bb5 Qb6 9. Qa4 Be7 10. Ne5 Rc8 11. O-O O-O 12. Nxc6 bxc6 13. Ba6 Rcd8 14. b4 Bc2 15. Qxc2 Qxa6 16. Nb3 Ne4 17. f3 Nf6 18. Nc5 Bxc5 19. dxc5 d4 20. Bd6 Rxd6 21. cxd6 Nd5 22. cxd4 Ne3 23. Qc5 Nxf1 24. Rxf1 Rd8 25. Rc1 Qd3 26. a4 Qe3+ 27. Kh1 Rxd6 28. b5 Rxd4 29. bxc6 Rd1+ 30. Rxd1 Qxc5 31. Rd8+ Qf8 32. Rxf8+ Kxf8 33. c7 Ke7 34. c8=Q 1-0


[Site "https://www.chess.com"]